 Dungeon Crawl Stone Soup version 0.28-a0-1435-g82390b3a13 (webtiles) character file.

Game seed: 108906600558444385

79 hashsling the Shooter (level 4, -5/26 HPs)
             Began as a Deep Elf Hunter on Jan 9, 2022.
             Slain by Sigmund (11 damage)
             ... on level 3 of the Dungeon.
             The game lasted 00:09:18 (2471 turns).

hashsling the Shooter (Deep Elf Hunter)             Turns: 2471, Time: 00:09:19

Health: -5/26      AC:  3    Str:  7 (9)  XL:     4   Next: 16%
Magic:  6/6        EV: 12    Int: 15 (16) God:
Gold:   67         SH:  0    Dex: 15 (17) Spells: 3/3 levels left

rFire   . . .      SeeInvis .   a - +1 shortbow
rCold   . . .      Faith    .   (shield currently unavailable)
rNeg    . . .      Spirit   .   c - +0 leather armour
rPois   .          Reflect  .   (no helmet)
rElec   .          Harm     .   (no cloak)
rCorr   .          Rampage  .   (no gloves)
Will    .....                   (no boots)
Stlth   +.........              (no amulet)
HPRegen 0.08/turn               (no ring)
MPRegen 0.10/turn               (no ring)

@: silenced
A: no striking features
a: no special abilities


You were on level 3 of the Dungeon.
You visited 1 branch of the dungeon, and saw 3 of its levels.

You collected 67 gold pieces.

Inventory:

Hand Weapons
 a - a +1 shortbow (weapon)
 b - a +0 short sword
Missiles
 d - 21 arrows (quivered ammo)
 i - a boomerang
 l - 23 bolts
 m - 15 poisoned darts
Armour
 c - a +0 leather armour (worn)
Scrolls
 g - a scroll of fog {unknown}
 j - a scroll of enchant weapon {unknown}
 k - a scroll of identify
Potions
 h - a potion of lignification


   Skills:
 + Level 2.1 Fighting
 + Level 1.3 Short Blades
 * Level 6.3 Bows
 + Level 3.2 Dodging
 - Level 1.5 Stealth


You had 3 spell levels left.
You didn't know any spells.
Your spell library contained the following spells:

 Spells                   Type           Power      Damage    Failure   Level
 Magic Dart               Conj           0%         1d3       38%         1
 Searing Ray              Conj           0%         2d4       52%         2
 Fulminant Prism          Conj/Hex       0%         3d6       99%         4


Dungeon Overview and Level Annotations

Branches:
Dungeon (3/15)

Altars:

Annotations:
D:3 Sigmund


Message History

There is an open door here.
You open the large door.
Sigmund the Dreaded comes into view.
He is wielding a +4 vampiric scythe.
a - a +1 shortbow (weapon)
Fire: 25 arrows
Press: ? - help, Q - select action, (/) - cycle Shift-Dir - straight line, f - Sigmund
Aim: Sigmund, wielding a +4 vampiric scythe and wearing a +0 robe (asleep, 98% to hit)
Okay, then.
Sigmund shouts!
Fire: 25 arrows
Press: ? - help, Q - select action, (/) - cycle Shift-Dir - straight line, f - Sigmund
Aim: Sigmund, wielding a +4 vampiric scythe and wearing a +0 robe (62% to hit)
You shoot an arrow. The arrow hits Sigmund.
Sigmund is lightly wounded.
Fire: 24 arrows
Press: ? - help, Q - select action, (/) - cycle Shift-Dir - straight line, f/p - Sigmund
Aim: Sigmund, wielding a +4 vampiric scythe and wearing a +0 robe (lightly wounded, 62% to hit)
You shoot an arrow.
The arrow hits Sigmund but does no damage.
Sigmund is lightly wounded.
Fire: 23 arrows
Press: ? - help, Q - select action, (/) - cycle Shift-Dir - straight line, f/p - Sigmund
Aim: Sigmund, wielding a +4 vampiric scythe and wearing a +0 robe (lightly wounded, 62% to hit)
You shoot an arrow. The arrow hits Sigmund.
Sigmund is moderately wounded.
Sigmund hits you from afar with a +4 vampiric scythe!
As you read the scroll labelled ZUPEGI PUXKA, it crumbles to dust.
A profound silence engulfs you.
It was a scroll of silence.
Sigmund hits you from afar with a +4 vampiric scythe!
* * * LOW HITPOINT WARNING * * *
Sigmund draws strength from your wounds!
It was a potion of degeneration.
There was something very wrong with that liquid.
You feel weakened.
You feel dopey.
You feel clumsy.
Fire: 22 arrows
Press: ? - help, Q - select action, (/) - cycle Shift-Dir - straight line, f/p - Sigmund
Aim: Sigmund, wielding a +4 vampiric scythe and wearing a +0 robe (silenced, lightly wounded, 61% to hit)
You shoot an arrow. The arrow barely misses Sigmund.
Sigmund hits you from afar with a +4 vampiric scythe!
You die...

#...... #...... #......
#######......
#............ #
#............ #.. #####
#.......#####
#....##...###.......###
+(..((@.@...'......>'.##
#....##...###.......#..#
### #...# #######.#..##
#...# #.##... #####
#.##... #.###.. #.# #..
#. #.† #..


You could see Sigmund.

Vanquished Creatures
  2 adders (D:2)
  4 dart slugs
  3 ball pythons
  4 bats
  3 endoplasms
  3 giant cockroaches (D:1)
  5 goblins
  4 hobgoblins
  5 kobolds
  9 quokkas
  A frilled lizard (D:1)
  6 rats
49 creatures vanquished.

Notes
Turn   | Place    | Note
-------+----------+-------------------------------------------
     0 | D:1      | hashsling the Deep Elf Hunter began the quest for the Orb.
     0 | D:1      | Reached XP level 1. HP: 12/12 MP: 3/3
   195 | D:1      | Reached XP level 2. HP: 6/17 MP: 4/4
   936 | D:1      | Reached XP level 3. HP: 21/21 MP: 5/5
   973 | D:1      | Reached skill level 1 in Short Blades
  1335 | D:1      | Reached skill level 6 in Bows
  1952 | D:2      | Reached XP level 4. HP: 25/26 MP: 6/6
  2463 | D:3      | Noticed Sigmund
  2471 | D:3      | Slain by Sigmund

Illustrated notes

Levels and vault maps discovered:
D:1:      ebering_trefoil_3fold, layout_basic, minmay_pentomino_r4
D:2:      layout_basic
D:3:      layout_basic, mainiacjoe_overflow_catwalk, portal_sewer_entry_a,
          uniq_sigmund

Skill      XL: |  1  2  3 |
---------------+----------+-----
Short Blades   | 1 |  1.3
Bows           | 6 |  6.3
Fighting       | 2 |  2.1
Dodging        | 3 |  3.2
Stealth        | |  1.5

Action                   |  1- 3 |  4- 6 || total
-------------------------+-------+-------++-------
Melee: Short sword       |    62 |     4 ||    66
       Punch             |     1 |       ||     1
 Fire: Shortbow          |    89 |     6 ||    95
Throw: Boomerang         |    13 |       ||    13
       Dart              |     4 |     5 ||     9
  Use: Scroll            |     2 |     1 ||     3
       Potion            |       |     1 ||     1
Armor: Leather armour    |    21 |     1 ||    22
Dodge: Dodged            |    64 |     4 ||    68

Table legend: (Time is in decaauts)
 A = Elapsed time spent in this place.
 B = Non-inter-level travel time spent in this place.
 C = Inter-level travel time spent in this place.
 D = Time resting spent in this place.
 E = Time spent auto-exploring this place.
 F = Levels seen in this place.
 G = Mean time per level.
                   A        B        C        D        E       F      G
               +--------+--------+--------+--------+--------+-----+--------+
         Total |   2462 |   2393 |     69 |      0 |   1948 |   3 |  820.7 |
       Dungeon |   2462 |   2393 |     69 |      0 |   1948 |   3 |  820.7 |
               +--------+--------+--------+--------+--------+-----+--------+

Top non-repeatable levels by time:
     D:1: 1381 daAuts
     D:2: 1011 daAuts
     D:3: 69 daAuts
